 Dungeon Crawl Stone Soup version 0.30-a0-743-gbfdf073431 (webtiles) character file.

Game seed: 6847754066818807252

427 Leeroy the Slasher (level 6, -1/30 HPs)
             Began as a Vine Stalker Warper on Feb 6, 2023.
             Succumbed to a killer bee's poison
             ... on level 5 of the Dungeon.
             The game lasted 00:05:48 (4841 turns).

Leeroy the Slasher (Vine Stalker Warper)            Turns: 4841, Time: 00:05:48

Health: -1/30      AC: 11    Str: 13    XL:     6   Next: 97%
Magic:  4/10       EV:  3    Int: 13    God:
Gold:   205        SH:  0    Dex: 16    Spells: 0/9 levels left

rFire   . . .      SeeInvis +    q - +2 short sword (venom)
rCold   . . .      Faith    .    (no shield)
rNeg    . . .      Spirit   +    B - +0 plate armour
rPois   .          Reflect  .    r - +0 helmet {SInv}
rElec   .          Harm     .    (no cloak)
rCorr   .          Rampage  .    (no gloves)
Will    .....                    (no boots) Stlth
                                 (no amulet)
HPRegen 1.05/turn                (no ring)
MPRegen 0.12/turn                (no ring)

@: lethally poisoned (-1 -> -11)
A: fangs 2, regeneration 1, magic shield, antimagic bite, no potion heal 2
a: no special abilities


You were on level 5 of the Dungeon.
You visited 2 branches of the dungeon, and saw 6 of its levels.

You collected 244 gold pieces.
You spent 39 gold pieces at shops.

Inventory:

Hand Weapons
 a - a +0 falchion
 q - a +2 short sword of venom (weapon)
 s - a +2 spear of venom
Missiles
 d - 5 boomerangs of dispersal (quivered)
 t - 8 boomerangs
Armour
 b - a +0 leather armour
 i - a +0 chain mail
 r - a +0 helmet of see invisible (worn)
 B - a +0 plate armour (worn)
Jewellery
 e - a ring of positive energy
 y - a +6 ring of intelligence
Wands
 w - a wand of charming (17)
Scrolls
 c - a scroll of blinking
 j - a scroll of immolation
 k - 2 scrolls of magic mapping
 l - a scroll of amnesia
 m - a scroll of enchant weapon
 n - 3 scrolls of teleportation
 A - a scroll of fear {unknown}
 D - a scroll of enchant armour {unknown}
Potions
 f - 3 potions of heal wounds {unknown}
 g - a potion of brilliance {unknown}
 h - a potion of mutation {unknown}
 o - a potion of haste {unknown}
 u - 2 potions of curing
 v - a potion of degeneration {unknown}
 x - a potion of attraction {unknown}
 z - a potion of cancellation {unknown}
 C - a potion of might {unknown}


   Skills:
 - Level 1.7 Fighting
 - Level 6.3 Long Blades
 - Level 0.8 Throwing
 + Level 1.7 Armour
 - Level 1.5 Dodging
 - Level 2.1 Spellcasting
 - Level 3.0 Translocations


You couldn't memorise any spells.
You knew the following spells:

 Your Spells              Type           Power      Damage    Failure   Level
a - Blink                 Tloc           18%        N/A       100%        2
b - Vhi's Electric Charg  Tloc/Air       10%        N/A       100%        3
c - Manifold Assault      Tloc           9%         N/A       100%        4

Your spell library contained the following spells:

 Spells                   Type           Power      Damage    Failure   Level
 Slow                     Hex            4%         N/A       100%        1
 Lesser Beckoning         Tloc           18%        N/A       100%        2
 Confusing Touch          Hex            1%         N/A       100%        3
 Teleport Other           Tloc           9%         N/A       100%        3
 Vampiric Draining        Necr           1%         2d6       100%        3


Dungeon Overview and Level Annotations

Branches:
Dungeon (5/15)             Temple (1/1) D:4

Altars:
Dithmenos
Elyvilon
Fedhas
Gozag
Makhleb
Nemelex Xobeh
Okawaru
Qazlal
Ru
Sif Muna
Trog
Vehumet
Wu Jian
Xom
Yredelemnul
Zin

Shops:
D:2 (*


Innate Abilities, Weirdness & Mutations

You have extremely sharp teeth.
Your natural rate of healing is unusually fast.
When hurt, damage is shared between your health and your magic reserves.
Your bite disrupts and absorbs the magic of your enemies.
Potions cannot restore your health.


Message History

The killer bee is severely wounded.
You feel sick.
The killer bee stings you but does no damage. x3
You miss the killer bee.
You feel sick.
The killer bee stings you but does no damage.
The killer bee stings you.
You are more poisoned.
The killer bee poisons you!
A quokka comes into view.
You hit the killer bee.
The killer bee is poisoned.
You bite the killer bee. You drain its power.
You feel invigorated.
The killer bee is moderately wounded.
You feel very sick.
You kill the killer bee!
The killer bee barely misses you.
The killer bee stings you but does no damage.
The killer bee barely misses you.
Okay, then.
Throw: 6 boomerangs (disperse)
Press: ? - help, Q - select action, (/) - cycle Shift-Dir - straight line, f - killer bee
Aim: a killer bee (29% to hit)
You throw a boomerang of dispersal.
The boomerang of dispersal barely misses the killer bee.
You feel very sick.
The killer bee stings you but does no damage.
The killer bee stings you.
The killer bee stings you but does no damage. x2
The killer bee stings you.
* * * LOW HITPOINT WARNING * * *
The killer bee stings you but does no damage.
The killer bee stings you!
* * * LOW HITPOINT WARNING * * *
You are more poisoned.
The killer bee poisons you!
The killer bee stings you but does no damage. x2
Okay, then.
Blink to where?
Press: ? - help, Dir - move target, p - killer bee
As you read the scroll of blinking, it crumbles to dust.
You die...

.. #....#
...#...###.<..###
...#.........#..# ###
.............#..##...#
.............yy......#
.^.^........y#ยง.###..
.............y###
.............y.
^...^..@......r~
^.......###....~โ‰ˆ
......... #....~โ‰ˆโ‰ˆ
................~~~
^.............
#...........
###..........
#.......###.


You could see 5 killer bees and a quokka.

Vanquished Creatures
  An ice beast (D:4)
  A killer bee (D:5)
  A gnoll bouda (Temple)
  Robin (D:2)
  8 gnolls
  7 adders
  5 worms
  2 dart slugs (D:1)
  2 orcs (D:3)
  6 ball pythons
  7 endoplasms
  5 giant cockroaches
  18 goblins
  7 hobgoblins
  6 kobolds
  6 quokkas
  A bat (D:2)
  8 frilled lizards
  4 rats
96 creatures vanquished.

Notes
Turn   | Place    | Note
-------+----------+-------------------------------------------
     0 | D:1      | Leeroy the Vine Stalker Warper began the quest for the Orb.
     0 | D:1      | Reached XP level 1. HP: 11/11 MP: 4/4
    66 | D:1      | Reached skill level 2 in Long Blades
    98 | D:1      | Reached XP level 2. HP: 12/15 MP: 6/6
   285 | D:1      | Found a faded altar of an unknown god.
   420 | D:1      | Reached skill level 3 in Long Blades
   445 | D:1      | Reached XP level 3. HP: 18/18 MP: 7/7
  1284 | D:2      | Gained mutation: Your natural rate of healing is unusually
                  | fast. [Vine Stalker growth]
  1284 | D:2      | Reached XP level 4. HP: 8/23 MP: 6/8
  1315 | D:2      | Found Ibbyren's Antique Weapon Emporium.
  1344 | D:2      | Noticed Robin
  1431 | D:1      | Reached skill level 4 in Long Blades
  1722 | D:2      | Killed Robin
  2063 | D:2      | Found Qahesuekh's General Store.
  2072 | D:2      | Bought a potion of curing for 39 gold pieces
  2178 | D:2      | Reached XP level 5. HP: 26/26 MP: 9/9
  2664 | D:3      | Reached skill level 5 in Long Blades
  2896 | D:3      | Found a white marble altar of Elyvilon.
  3732 | D:4      | Found a staircase to the Ecumenical Temple.
  3746 | Temple   | Entered the Ecumenical Temple
  3911 | D:4      | Reached XP level 6. HP: 17/30 MP: 4/10
  3975 | Temple   | Learned a level 2 spell: Blink
  3979 | Temple   | Learned a level 3 spell: Vhi's Electric Charge
  3984 | Temple   | Learned a level 4 spell: Manifold Assault
  4225 | D:4      | Noticed an ice beast
  4241 | D:4      | Killed an ice beast
  4242 | D:4      | Reached skill level 6 in Long Blades
  4543 | D:4      | Found a bloodstained altar of Trog.
  4741 | D:4      | Reached skill level 1 in Armour
  4822 | D:5      | Entered Level 5 of the Dungeon
  4841 | D:5      | Succumbed to a killer bee's poison

Illustrated notes

Levels and vault maps discovered:
D:1:      heliophobic_arrival_dark_side_of_the_moon, layout_basic,
          dreamdust_ecumenical_altar_grove
D:2:      layout_loops_corners, serial_shops, shop, nicolae_lakefront_shop,
          amethyst_killhole, lightli_corner_chamber, uniq_robin
D:3:      layout_basic, lemuel_crystal_altar
D:4:      layout_loops_ring, mainiacjoe_overflow_alcove_4,
          minmay_temple_entry_statues_pillars, item_on_display_a
D:5:      layout_cave_pools, nicolae_overflow_hidden_temple,
          kennysheep_slug_shrine, serial_shops, shop,
          cheibrodos_sewer_entry_bend, minmay_holes, minivault_24
Temple:   eino_temple_lava

Skill      XL: |  1  2  3  4  5  6 |
---------------+-------------------+-----
Long Blades    | 2 3 4 5 6 |  6.3
Armour         | 1 |  1.7
Fighting       | |  1.7
Throwing       | |  0.8
Dodging        | |  1.5
Spellcasting   | |  2.1
Translocations | |  3.0

Action                     |  1- 3 |  4- 6 || total
---------------------------+-------+-------++-------
  Melee: Falchion          |   101 |       ||   101
         Bite              |    20 |    54 ||    74
         Punch             |     1 |     1 ||     2
         Short sword       |       |   189 ||   189
  Throw: Boomerang         |       |     2 ||     2
    Use: Potion            |       |     1 ||     1
         Scroll            |       |     6 ||     6
 Armour: Leather armour    |     2 |       ||     2
         Chain mail        |    35 |    79 ||   114
         Plate armour      |       |    19 ||    19
  Dodge: Dodged            |    41 |    49 ||    90

Table legend: (Time is in decaauts)
 A = Elapsed time spent in this place.
 B = Non-inter-level travel time spent in this place.
 C = Inter-level travel time spent in this place.
 D = Time resting spent in this place.
 E = Time spent auto-exploring this place.
 F = Levels seen in this place.
 G = Mean time per level.
                   A        B        C        D        E       F      G
               +--------+--------+--------+--------+--------+-----+--------+
         Total |   4844 |   4656 |    188 |    447 |   3418 |   6 |  807.3 |
       Dungeon |   4562 |   4374 |    188 |    286 |   3353 |   5 |  912.4 |
        Temple |    281 |    281 |      0 |    161 |     65 |   1 |  281.0 |
               +--------+--------+--------+--------+--------+-----+--------+

Top non-repeatable levels by time:
     D:3: 1307 daAuts
     D:1: 1248 daAuts
     D:2: 1082 daAuts
     D:4: 905 daAuts
  Temple: 281 daAuts
     D:5: 17 daAuts
